 Dungeon Crawl Stone Soup version 0.27-a0-1529-g1e82c303ef (webtiles) character file.

Game seed: 3240456987557364750

158 Anon1729 the Sneak (level 5, 0/28 HPs)
             Began as a Kobold Earth Elementalist on July 11, 2021.
             Killed from afar by Terence (6 damage)
             ... with a puff of flame
             ... on level 3 of the Dungeon.
             The game lasted 00:05:53 (5653 turns).

Anon1729 the Sneak (Kobold Earth Elementalist)      Turns: 5653, Time: 00:05:54

Health: 0/28       AC:  2    Str:  4 (5)  XL:     5   Next: 67%
Magic:  1/9        EV: 15    Int: 16 (17) God:
Gold:   71         SH:  0    Dex: 15 (16) Spells: 0/10 levels left

rFire    . . .     SeeInvis .   g - +2 dagger (holy)
rCold    . . .     Faith    .   (shield restricted)
rNeg     . . .     Spirit   .   b - +0 robe
rPois    .         Reflect  .   (no helmet)
rElec    .         Harm     .   (no cloak)
rCorr    .         Rampage  .   (no gloves)
Will     .....                  (no boots)
Stlth    ++++......             (no amulet)
HPRegen  0.09/turn              (no ring)
MPRegen  0.11/turn              (no ring)

@: very slightly contaminated
A: small, no large weapons, nightstalker 3
a: no special abilities


You were on level 3 of the Dungeon.
You visited 1 branch of the dungeon, and saw 3 of its levels.

You collected 71 gold pieces.

Inventory:

Hand Weapons
 d - a +0 spear
 g - a +2 dagger of holy wrath (weapon)
Missiles
 c - 99 stones
 i - 8 silver boomerangs
 o - 3 boomerangs of dispersal
Armour
 a - a +0 pair of gloves
 b - a +0 robe (worn)
 m - a +0 pair of boots
Scrolls
 e - a scroll of amnesia {unknown}
 k - 4 scrolls of identify {unknown}
 l - a scroll of enchant armour {unknown}
 n - a scroll of brand weapon {unknown}
Potions
 h - 2 potions of lignification {unknown}
 j - 3 potions of degeneration
 p - a potion of mutation {unknown}


   Skills:
 + Level 3.6 Dodging
 + Level 4.1 Stealth
 + Level 3.1 Spellcasting
 + Level 2.2 Transmutations
 * Level 3.8 Earth Magic


You couldn't memorise any spells.
You knew the following spells:

 Your Spells              Type           Power      Damage    Failure   Level
a - Sandblast             Erth           28%        2d8       3%          1
b - Passwall              Tmut/Erth      10%        N/A       8%          2
c - Stone Arrow           Conj/Erth      16%        3d8       26%         3
d - Petrify               Tmut/Erth      12%        N/A       45%         4

Your spell library contained the following spells:

 Spells                   Type           Power      Damage    Failure   Level


Dungeon Overview and Level Annotations

Branches:
Dungeon (3/15)

Altars:

Shops:
D:2 (

Annotations:
D:3 Terence


Innate Abilities, Weirdness & Mutations

You are small and have problems with some larger weapons.
You are completely attuned to the shadows.


Message History

Press: ? - help, Shift-Dir - straight line, f/p - Terence
Aim: Terence, wielding a +0 hand axe, wearing a +0 chain mail and carrying a wand of flame (28) (heavily wounded, 85% to hit)
The blast of sand hits Terence.
Terence is severely wounded.
Terence zaps a wand.
The puff of flame hits you!
Casting: Sandblast (safe; 3% risk of failure)
Confirm with . or Enter, or press ? or * to list all spells.
The spell is quite dangerous to cast (24% risk of failure)!
Continue anyway?
Aiming: Stone Arrow (quite dangerous; 24% risk of failure)
Press: ? - help, Shift-Dir - straight line, f/p - Terence
Aim: Terence, wielding a +0 hand axe, wearing a +0 chain mail and carrying a wand of flame (27) (severely wounded, 74% to hit)
You miscast Stone Arrow.
You are very lightly contaminated with residual magic.
Nothing appears to happen.
Terence zaps a wand.
The puff of flame hits you.
* * * LOW HITPOINT WARNING * * *
Casting: Stone Arrow (quite dangerous; 24% risk of failure)
Confirm with . or Enter, or press ? or * to list all spells.
Aiming: Sandblast (safe; 3% risk of failure)
Press: ? - help, Shift-Dir - straight line, f/p - Terence
Aim: Terence, wielding a +0 hand axe, wearing a +0 chain mail and carrying a wand of flame (26) (severely wounded, 85% to hit)
The blast of sand hits Terence but does no damage.
Terence is severely wounded.
It was a potion of degeneration.
There was something very wrong with that liquid.
You feel weakened.
You feel dopey.
You feel clumsy.
Terence zaps a wand.
The puff of flame misses you.
Okay, then.
Throw: throwing net
Press: ? - help, Shift-Dir - straight line, f/p - Terence
Aim: Terence, wielding a +0 hand axe, wearing a +0 chain mail and carrying a wand of flame (25) (severely wounded, 65% to hit)
You throw a throwing net. The throwing net hits Terence.
Terence is caught in the net!
Terence is severely wounded.
Terence struggles against the net.
Your +2 dagger of holy wrath softly glows with a divine radiance!
g - a +2 dagger of holy wrath (weapon)
You hit Terence.
Terence is severely wounded.
Terence zaps a wand.
The puff of flame hits you.
You die...

..#................)#..........##
..........####......#........#..#
..(...##### #......'........'...
......# #......#.########...
......# ######...........#...
......# ..........######.'...
#.....### .......#..########...
........# .....................
........# ....@.....#...#...###
........# ....@....>'...#...#
........# ........###...#...#
........# ......### #####...#
........# ......# #...# ........#
#...# ........# #...# #########
#...# #...#


You could see Terence (caught).

Vanquished Creatures
  Jessica (D:2)
  5 adders
  2 worms
  7 orcs (D:3)
  5 bats
  An endoplasm (D:1)
  4 giant cockroaches
  8 goblins
  10 hobgoblins
  3 jackals (D:2)
  4 kobolds
  2 quokkas
  5 ball pythons
  3 frilled lizards (D:1)
  9 rats
69 creatures vanquished.

Notes
Turn   | Place    | Note
-------+----------+-------------------------------------------
     0 | D:1      | Anon1729 the Kobold Earth Elementalist began the quest for
                  | the Orb.
     0 | D:1      | Reached XP level 1. HP: 10/10 MP: 3/3
   451 | D:1      | Reached XP level 2. HP: 15/15 MP: 5/5
   525 | D:1      | Reached skill level 3 in Stealth
  1543 | D:1      | Reached XP level 3. HP: 11/19 MP: 6/6
  2514 | D:2      | Reached XP level 4. HP: 9/24 MP: 8/8
  2761 | D:2      | Found Dukliyw's Antique Weapon Shoppe.
  3264 | D:2      | Noticed Jessica
  3273 | D:2      | Killed Jessica
  3282 | D:2      | Reached XP level 5. HP: 15/28 MP: 3/9
  3493 | D:2      | Found a faded altar of an unknown god.
  4466 | D:3      | Learned a level 2 spell: Passwall
  4470 | D:3      | Learned a level 3 spell: Stone Arrow
  4475 | D:3      | Learned a level 4 spell: Petrify
  4485 | D:3      | Reached skill level 4 in Stealth
  5643 | D:3      | Noticed Terence
  5653 | D:3      | Killed from afar by Terence

Illustrated notes

Levels and vault maps discovered:
D:1:      dpeg_arrival_renting, layout_basic
D:2:      layout_basic, shapermc_ecumenical_altar_acropolis, serial_shops,
          nicolae_shop_waterfront, uniq_jessica
D:3:      layout_basic, corexii_hall_statues_l, minmay_puff, uniq_terence

Skill      XL: |  1  2  3  4  5 |
---------------+----------------+-----
Stealth        | 3 4 |  4.1
Dodging        | 3 |  3.6
Transmutations | 2 |  2.2
Spellcasting   | 3 |  3.1
Earth Magic    | |  3.8

Action                   |  1- 3 |  4- 6 || total
-------------------------+-------+-------++-------
Melee: Unarmed           |    14 |       ||    14
       Spear             |   101 |   191 ||   292
       Dagger            |       |     1 ||     1
Throw: Throwing net      |       |     1 ||     1
 Cast: Sandblast         |    20 |    15 ||    35
       Stone Arrow       |       |     7 ||     7
  Use: Potion            |       |     1 ||     1
 Stab: Sleeping          |    13 |    17 ||    30
       Distracted        |       |     1 ||     1
Armor: Robe              |    17 |    13 ||    30
Dodge: Dodged            |    93 |   121 ||   214

Table legend: (Time is in decaauts)
 A = Elapsed time spent in this place.
 B = Non-inter-level travel time spent in this place.
 C = Inter-level travel time spent in this place.
 D = Time resting spent in this place.
 E = Time spent auto-exploring this place.
 F = Levels seen in this place.
 G = Mean time per level.
                   A        B        C        D        E       F      G
               +--------+--------+--------+--------+--------+-----+--------+
         Total |   5680 |   5538 |    142 |   1085 |   3730 |   3 | 1893.3 |
       Dungeon |   5680 |   5538 |    142 |   1085 |   3730 |   3 | 1893.3 |
               +--------+--------+--------+--------+--------+-----+--------+

Top non-repeatable levels by time:
     D:2: 1992 daAuts
     D:3: 1906 daAuts
     D:1: 1782 daAuts
